 Dungeon Crawl Stone Soup version 0.25-b1-38-g32f9adbbe0 (webtiles) character file.

Game seed: 13057819337130564111

608293 kafkaforpresident the Hoplite (level 27, -14/215 HPs)
             Began as a Merfolk Skald on June 6, 2020.
             Was the Champion of Ru.
             Killed from afar by a battlesphere (21 damage)
             ... created by a tengu reaver
             ... on level 5 of the Vaults on June 7, 2020.
             The game lasted 04:03:22 (69869 turns).

kafkaforpresident the Hoplite (Merfolk Skald)      Turns: 69869, Time: 04:03:23

Health: -14/215    AC: 16    Str: 29    XL:     27
Magic:  25/32      EV: 36    Int: 15    God:    Ru [******]
Gold:   3310       SH: 33    Dex: 31    Spells: 14/36 levels left

rFire    x . .     SeeInvis +   q - +9 demon trident (elec)
rCold    + + .     Gourm    .   h - +5 tower shield of Moaqynop {rN+ MR+ Int-4 Dex+3}
rNeg     + . .     Faith    .   g - +4 ring mail "Ypesoapt" {Str+4}
rPois    +         Spirit   .   n - +0 helmet of the Griffon {Str+3 Dex+5}
rElec    .         Reflect  .   K - scarf {repulsion}
rCorr    .         Harm     .   z - +2 pair of gloves
MR       +++..                  H - +2 pair of boots of Lies {Str+5}
Stlth    +++.......             G - amulet "Liesyo Ritz" {RegenMP Fragile rPois rC+++ SInv}
HPRegen  0.45/turn              s - ring "Weafi" {Str+3 Dex+6}
MPRegen  0.48/turn              N - +4 ring of slaying

@: exhausted, silence, shrouded, no potions, very slightly contaminated, repel
missiles
A: change form in water, swift swim, stealthy swim, screaming 1, inability to
drink while threatened, hated by all, inability to train armour, temperature
sensitive
}: 3/15 runes: decaying, serpentine, slimy
a: Renounce Religion


You were on level 5 of the Vaults.
You worshipped Ru.
Ru was exalted by your worship.
You were near starving.

You visited 10 branches of the dungeon, and saw 50 of its levels.
You visited the Abyss 1 time.
You visited 2 bazaars.
You also visited: Trove and Volcano.

You collected 8533 gold pieces.
You spent 5223 gold pieces at shops.

Inventory:

Hand Weapons
 q - a +9 demon trident of electrocution (weapon)
Missiles
 j - 15 curare-tipped darts
 x - 6 throwing nets
 I - 11 javelins (quivered)
Armour
 g - the +4 ring mail "Ypesoapt" (worn) {Str+4}
   (You bought it in a shop on level 3 of the Elven Halls)

   It affects your strength (+4).
 h - the +5 tower shield of Moaqynop (worn) {rN+ MR+ Int-4 Dex+3}
   (You acquired it on level 4 of the Vaults)

   It affects your intelligence (-4).
   It affects your dexterity (+3).
   It protects you from negative energy.
   It affects your resistance to hostile enchantments.
 n - the +0 helmet of the Griffon (worn) {Str+3 Dex+5}
   (You acquired it on level 2 of the Abyss)

   It affects your strength (+3).
   It affects your dexterity (+5).
 z - a +2 pair of gloves (worn)
 H - the +2 pair of boots of Lies (worn) {Str+5}
   (You found it on level 2 of the Lair of Beasts)

   It affects your strength (+5).
 K - a scarf of repulsion (worn)
Jewellery
 b - an uncursed ring of protection from fire
 m - an uncursed ring of protection from fire
 s - the ring "Weafi" (left hand) {Str+3 Dex+6}
   (You bought it in a shop on level 3 of the Elven Halls)

   [ring of dexterity]

   It affects your strength (+3).
   It affects your dexterity (+6).
 G - the amulet "Liesyo Ritz" (around neck) {RegenMP Fragile rPois rC+++ SInv}
   (You found it in a treasure trove)

   [amulet of magic regeneration]

   It increases your magic regeneration.
   It renders you almost immune to cold.
   It protects you from poison.
   It lets you see invisible.
   It will be destroyed if unequipped.
 L - an uncursed amulet of regeneration
 M - an uncursed ring of see invisible
 N - a +4 ring of slaying (right hand)
 Y - an uncursed ring of protection from cold
Wands
 p - a wand of polymorph (24)
 w - a wand of disintegration (67)
 y - a wand of iceblast (45)
 O - a wand of acid (28)
 Q - a wand of clouds (2)
 U - a wand of digging (40)
 X - a wand of paralysis (30)
Scrolls
 e - 8 scrolls of fear
 o - 8 scrolls of fog
 r - a scroll of holy word
 u - 3 scrolls of silence
 C - 5 scrolls of magic mapping
 J - 22 scrolls of teleportation
 T - 16 scrolls of blinking
 W - 4 scrolls of remove curse
Potions
 a - 10 potions of haste
 c - 11 potions of resistance
 f - 6 potions of magic
 k - 3 potions of invisibility
 l - 3 potions of brilliance
 v - 2 potions of stabbing
 B - 20 potions of heal wounds
 D - 14 potions of lignification
 F - 10 potions of might
 P - 21 potions of curing
 S - 10 potions of berserk rage
Miscellaneous
 i - a phial of floods
 E - a lightning rod (4/4)
 Z - a tin of tremorstones (3/3)
Comestibles
 d - 76 rations


   Skills:
 - Level 17.4 Fighting
 - Level 19.0 Polearms
 - Level 3.2 Throwing
 - Level 23.8 Dodging
 - Level 7.1 Stealth
 - Level 25.0 Shields
 - Level 5.2 Spellcasting
 - Level 12.1 Hexes
 - Level 10.7 Charms
 - Level 5.3 Translocations
 + Level 11.3 Transmutations
 - Level 1.0 Ice Magic
 - Level 5.7 Air Magic
 + Level 4.3 Earth Magic
 - Level 13.0 Evocations


You had 14 spell levels left.
You knew the following spells:

 Your Spells              Type           Power        Failure   Level  Hunger
a - Infusion              Chrm           ####         1%          1    None
b - Song of Slaying       Chrm           #####...     1%          2    ##.....
c - Shroud of Golubria    Chrm/Tloc      ####..       1%          2    ##.....
d - Spectral Weapon       Hex/Chrm       #####...     1%          3    ###....
e - Ozocubu's Armour      Chrm/Ice       ###.....     6%          3    ###....
f - Silence               Hex/Air        ####......   16%         5    ######.
g - Statue Form           Tmut/Erth      ####.....    82%         6    #######

Your spell library contained the following spells:

 Spells                   Type           Power        Failure   Level  Hunger
 Beastly Appendage        Tmut           #####.       1%          1    None
 Corona                   Hex            #####..      1%          1    None
 Confusing Touch          Hex            #####...     1%          3    ###....
 Portal Projectile        Hex/Tloc       ####..       1%          3    ###....
 Cause Fear               Hex            #####.....   1%          4    ####...
 Sting                    Tmut/Pois      ###.         2%          1    None
 Ensorcelled Hibernation  Hex/Ice        ###...       2%          2    ##.....
 Yara's Violent Unravell  Hex/Tmut       #####.....   5%          5    ######.
 Dazzling Flash           Conj/Hex       ###...       6%          3    ###....
 Blade Hands              Tmut           #####.....   6%          5    ######.
 Shock                    Conj/Air       ##..         7%          1    None
 Spider Form              Tmut/Pois      ###.......   7%          3    ###....
 Gell's Gravitas          Tloc           ###.......   8%          3    ###....
 Corpse Rot               Necr/Air       N/A          11%         2    ##.....
 Poisonous Vapours        Pois/Air       ##....       11%         2    ##.....
 Ignite Poison            Fire/Tmut/Pois ###.....     16%         3    ###....
 Fulminant Prism          Conj/Hex       ###.......   19%         4    ####...
 Ice Form                 Ice/Tmut       ###.....     19%         4    ####...
 Static Discharge         Conj/Air       ##......     22%         3    ###....
 Airstrike                Air            ###.......   22%         4    ####...
 Magic Dart               Conj           #...         24%         1    None
 Mephitic Cloud           Conj/Pois/Air  #.......     32%         3    ###....
 Searing Ray              Conj           #.....       34%         2    ##.....
 Hydra Form               Tmut           #####.....   34%         6    #######
 Irradiate                Conj/Tmut      ###.......   54%         5    ######.
 Iskenderun's Battlesphe  Conj/Chrm      ###.....     58%         5    ######.
 Iskenderun's Mystic Bla  Conj/Tloc      ##......     61%         4    ####...
 Dragon Form              Tmut           #####.....   88%         7    #######
 Olgreb's Toxic Radiance  Pois           #.......     93%         4    ####...
 Bolt of Magma            Conj/Fire/Erth #.........   98%         5    ######.
 Dispersal                Tloc           ###.......   99%         6    #######
 Aura of Abjuration       Summ           #.........   100%        5    ######.
 Fireball                 Conj/Fire      #.........   100%        5    ######.
 Conjure Ball Lightning   Conj/Air       ##........   100%        6    #######
 Iron Shot                Conj/Erth      ##........   100%        6    #######
 Starburst                Conj/Fire      #.........   100%        6    #######
 Orb of Destruction       Conj           #.........   100%        7    #######
 Ring of Flames           Chrm/Fire      ###.......   100%        7    #######
 Controlled Blink         Tloc           N/A          100%        8    #######
 Discord                  Hex            #####.....   100%        8    #######
 Disjunction              Tloc           ###.......   100%        8    #######
 Ignition                 Fire           #.........   100%        8    #######
 Tornado                  Air            ###.......   100%        9    #######
 Sticks to Snakes         Tmut           Unusable     N/A         2    N/A
 Tukima's Dance           Hex            Unusable     N/A         3    N/A
 Summon Guardian Golem    Hex/Summ       Unusable     N/A         3    N/A
 Summon Butterflies       Summ           Unusable     N/A         1    N/A
 Summon Small Mammal      Summ           Unusable     N/A         1    N/A
 Call Imp                 Summ           Unusable     N/A         2    N/A
 Summon Mana Viper        Hex/Summ       Unusable     N/A         5    N/A
 Call Canine Familiar     Summ           Unusable     N/A         3    N/A
 Summon Lightning Spire   Summ/Air       Unusable     N/A         4    N/A
 Summon Ice Beast         Ice/Summ       Unusable     N/A         4    N/A
 Simulacrum               Ice/Necr       Unusable     N/A         6    N/A
 Spellforged Servitor     Conj/Summ      Unusable     N/A         7    N/A
 Summon Hydra             Summ           Unusable     N/A         7    N/A
 Dragon's Call            Summ           Unusable     N/A         9    N/A

Dungeon Overview and Level Annotations

Branches:
Dungeon (15/15)            Temple (1/1) D:5            Lair (6/6) D:11
  Swamp (4/4) Lair:4        Snake (4/4) Lair:3        Slime (5/5) Lair:5
    Orc (2/2) D:11            Elf (3/3) Orc:2        Vaults (5/5) D:14
  Crypt (0/3) Vaults:3     Depths (5/5) D:15            Zot (0/5) Depths:5
Volcano (visited)

Altars:
Ashenzari
Cheibriados
Dithmenos
Elyvilon
Fedhas
Gozag
Hepliaklqana
Kikubaaqudgha
Makhleb
Nemelex Xobeh
Okawaru
Qazlal
Ru
Sif Muna
Trog
Uskayaw
Vehumet
Wu Jian
Xom
Yredelemnul
Zin
The Shining One

Shops:
D:10 :   D:13 =   Orc:2 [:%*   Elf:3 =[!((   Vaults:3 !   Depths:5 (

Portals:
Hell: Depths:1 Depths:2 Depths:3 Depths:4 Depths:5
Abyss: Depths:4 Depths:5
Pandemonium: Orc:2 Depths:3
Ziggurat: Depths:3


Innate Abilities, Weirdness & Mutations

You revert to your normal form in water.
You are very nimble and swift while swimming.
You are very stealthy in the water. (Stealth+)
You occasionally shout uncontrollably at your foes.
You cannot drink potions while threatened.
You are hated by all.
You cannot train Armour skill.
You are sensitive to extremes of temperature. (rF-, rC-)


Message History

Unknown command.
You feel a bit more experienced.
Casting: Spectral Weapon (safe; 1% risk of failure)
Confirm with . or Enter, or press ? or * to list all spells.
Okay, then.
Casting: Spectral Weapon (safe; 1% risk of failure)
Confirm with . or Enter, or press ? or * to list all spells.
Okay, then.
Casting: Spectral Weapon (safe; 1% risk of failure)
Confirm with . or Enter, or press ? or * to list all spells.
Space distorts slightly along a thin shroud covering your body.
Casting: Shroud of Golubria (safe; 1% risk of failure)
Confirm with . or Enter, or press ? or * to list all spells.
A profound silence engulfs you.
You are near starving!
The tengu reaver casts a spell at you. The bolt of poison hits you! You resist.
* * * LOW HITPOINT WARNING * * *
The battlesphere fires!
The barrage of energy hits you!!
You die...

#........ #......
#*...##############
#......Q##....§§§x§
#.Q#......Q*Q.Q§§p§
#.)#..##...#####§##
#..#..#...## ..
#..#..#..## ...
#.@##....# ..#
#..##...## .
#..##..# #..#...
#..# #..# #..# #..#


You could see a tengu reaver and a battlesphere.

Vanquished Creatures
  the Royal Jelly (Slime:5)
  Mara (Snake:4)
  A juggernaut (Depths:5)
  Boris (Vaults:4)
  Sojobo (Vaults:2)
  Frederick (Vaults:4)
  Bai Suzhen (Snake:3)
  Saint Roka (Depths:4)
  3 golden dragons
  Nikola (Snake:4)
  A Tzitzimitl (Depths:3)
  Jorgrun (D:13)
  4 tentacled monstrosities
  3 titans
  23 acid blobs
  A quicksilver dragon (shapeshifter) (Depths:4)
  4 sphinxes
  2 deep elf master archers (Elf:3)
  A tentacled starspawn (Abyss:2)
  2 deep elf blademasters
  5 storm dragons
  4 thorn hunters
  2 ancient champions (Vaults:3)
  10 tengu reavers
  Kirke (D:12)
  8 nagarajas (Snake:4)
  A shadow dragon (Elf:1)
  Donald (Snake:4)
  18 azure jellies
  11 deep elf sorcerers
  6 frost giants
  8 vault wardens
  2 iron dragons
  7 fire giants
  Louise (Depths:4)
  A draconian scorcher (Depths:5)
  Aizul (Snake:1)
  A draconian shifter (Depths:5)
  An orc warlord (Orc:2)
  3 deep elf elementalists
  14 ironheart preservers
  3 vampire knights
  22 very ugly things
  16 stone giants
  7 deep elf demonologists
  2 war gargoyles (Vaults:5)
  A spriggan defender (Depths:5)
  3 entropy weavers
  Nessos (Orc:2)
  A yellow draconian (Depths:5)
  2 green draconians (Depths:5)
  The ghost of Alannah the Fighter, a journeyman DsGl of Okawaru (Lair:6)
  6 deep elf annihilators
  A white draconian (Depths:5)
  A red draconian (Volcano)
  3 spark wasps (Depths:4)
  Azrael (Snake:1)
  A purple draconian (Depths:5)
  11 ettins
  6 deep elf death magi
  Snorg (D:10)
  3 eidola
  7 death oozes
  14 fire dragons
  A crystal guardian (Vaults:4)
  10 deep elf high priests
  18 yaktaur captains
  Harold (D:9)
  13 great orbs of eyes
  The ghost of brob1 the Fighter, a journeyman DrTm of Dithmenos (Lair:1)
  24 vault guards (Vaults:5)
  29 hydras
  13 naga warriors
  10 rakshasas
  6 anacondas
  19 ice dragons
  A catoblepas (D:14)
  4 spriggan air magi
  7 shambling mangroves
  A ghost crab (Swamp:3)
  41 two-headed ogres
  12 ogre magi
  10 centaur warriors
  29 dancing weapons
  16 alligators
  10 deep troll earth magi
  4 deep troll shamans
  2 queen ants
  5 spriggan berserkers
  A vampire mage (Depths:3)
  2 tengu warriors (Depths:2)
  16 deep elf knights
  12 naga sharpshooters
  3 shock serpents
  3 hell knights (Depths:2)
  A shock serpent (shapeshifter) (Depths:5)
  A thrashing horror (Abyss:2)
  A large abomination (Vaults:5)
  Urug (Orc:2)
  5 orc high priests
  3 salamander mystics
  A fire crab (Lair:6)
  Sonja (Lair:6)
  A death drake (Depths:3)
  A sixfirhy (Orc:2)
  13 skeletal warriors
  2 shadow wraiths (Depths:3)
  2 spriggan druids
  A deep troll (shapeshifter) (Depths:4)
  2 sea snakes (Snake:2)
  3 torturous demonspawn (Orc:2)
  7 flayed ghosts
  5 wizards
  An infernal demonspawn (Orc:2)
  16 deep trolls
  10 glowing orange brains
  An unseen horror (D:10)
  11 swamp dragons
  2 orange crystal statues (Depths:3)
  8 necromancers
  23 deep elf archers
  2 lindwurms (Lair:6)
  8 naga ritualists
  18 orc knights
  10 ironbrand convokers
  2 phantasmal warriors
  37 ugly things
  3 harpies (Vaults:4)
  An orb spider (shapeshifter) (Vaults:1)
  4 shining eyes
  12 mana vipers
  9 orc sorcerers
  A mana viper (shapeshifter) (Depths:4)
  51 deep elf magi
  3 manticores (D:15)
  18 salamanders
  6 wolf spiders
  A cyclops (shapeshifter) (Depths:3)
  6 cyclopes
  Maurice (Orc:2)
  5 guardian serpents
  35 black mambas
  Joseph (D:9)
  11 vault sentinels
  A black mamba (shapeshifter) (Depths:3)
  5 elephants (Lair:6)
  2 rust devils (Orc:2)
  5 torpor snails (Lair:6)
  A frost giant skeleton (Vaults:1)
  4 eyes of devastation
  25 naga magi
  14 spiny frogs
  3 centaur skeletons
  An orange demon (Orc:2)
  2 smoke demons (Abyss:2)
  A gargoyle (D:15)
  55 yaktaurs
  A hellion (Depths:1)
  3 rime drakes
  An efreet (D:14)
  An anaconda simulacrum (Depths:3)
  6 freezing wraiths
  14 komodo dragons
  A yaktaur (shapeshifter) (Vaults:3)
  A spectral merfolk (Depths:3)
  A tengu conjurer (Depths:2)
  A jumping spider (shapeshifter) (Depths:4)
  25 hornets
  A red devil (Orc:2)
  12 tyrant leeches
  Prince Ribbit (D:7)
  4 raiju (Depths:3)
  5 trolls
  11 bog bodies
  8 hippogriffs
  A meliai zombie (D:14)
  A dream sheep (shapeshifter) (Depths:5)
  106 slime creatures
  6 blink frogs
  A ynoxinul (Abyss:2)
  An ettin zombie (Vaults:1)
  Sigmund (D:6)
  7 shadows
  8 wraiths
  3 wyverns
  A yak (shapeshifter) (Vaults:3)
  3 vampires (Depths:3)
  2 redbacks (Vaults:1)
  A tarantella (shapeshifter) (Depths:2)
  13 water elementals
  6 spriggans
  A hog (shapeshifter) (Vaults:1)
  24 yaks
  3 fire bats (Depths:1)
  5 fire elementals
  7 humans (D:12)
  6 golden eyes
  A chaos spawn (Orc:2)
  A hog (D:12)
  A steam dragon (Lair:6)
  5 basilisks
  A human (shapeshifter) (Vaults:1)
  20 vampire mosquitoes
  2 human simulacra (Vaults:2)
  2 small abominations (Abyss:2)
  9 wargs
  15 insubstantial wisps
  13 swamp worms
  2 acid dragons (Lair:6)
  30 nagas
  24 soldier ants
  3 spectral trolls (Depths:3)
  12 water moccasins
  Duvessa (D:4)
  2 floating eyes
  8 hell hounds
  8 porcupines
  A hornet zombie (D:15)
  3 sky beasts
  23 swamp drakes
  46 orc warriors
  A black bear (D:9)
  4 ice beasts
  3 phantoms
  2 eyes of draining
  12 wolves
  34 ogres
  8 boggarts
  21 centaurs
  10 crocodiles
  2 human skeletons (Vaults:1)
  A big kobold (shapeshifter) (Vaults:4)
  3 big kobolds
  16 bullfrogs
  8 earth elementals
  2 wyvern zombies
  2 merfolk simulacra (Depths:3)
  A gnoll sergeant (D:8)
  A scorpion (D:5)
  2 spectral ogres (Depths:3)
  22 killer bees
  5 wights
  3 spectral nagas (Depths:3)
  19 jellies
  5 spectral centaurs (Depths:3)
  5 electric eels
  8 howler monkeys
  9 crimson imps
  2 quasits
  2 bullfrog zombies
  4 centaur zombies
  8 hounds
  25 orc wizards
  27 orc priests
  Crazy Yiuf (D:2)
  An iron imp (Depths:2)
  Ijyb (D:3)
  Natasha (thrice) (D:4)
  8 iguanas
  29 worker ants
  A hound zombie (D:8)
  A worker ant zombie (D:5)
  Robin (D:3)
  14 adders
  7 shadow imps
  A white imp (Abyss:2)
  An ufetubus (Vaults:2)
  An ooze (D:4)
  An adder skeleton (D:5)
  3 adder zombies
  3 worms
  3 leopard geckos
  102 orcs
  2 ball pythons
  5 bats
  10 giant cockroaches
  19 goblins
  5 hobgoblins
  9 jackals
  16 kobolds
  6 quokkas
  7 frilled lizards
  A jackal zombie (D:6)
  2 quokka skeletons
  5 rats
  2 crawling corpses (Vaults:4)
  3 plants
  3 spectral weapons
  4 starspawn tentacles (Abyss:2)
2180 creatures vanquished.

Vanquished Creatures (others)
  A sphinx (Vaults:5)
  An eidolon (Depths:3)
  A yaktaur captain (Vaults:3)
  A naga warrior (Snake:4)
  A two-headed ogre (D:14)
  An alligator (Swamp:3)
  3 deep elf knights
  A glowing orange brain (Depths:3)
  An ironbrand convoker (Vaults:5)
  A deep elf mage (Vaults:3)
  A black mamba (Snake:1)
  A yaktaur (Vaults:1)
  A bog body (Swamp:3)
  A slime creature (Slime:4)
  A spriggan (shapeshifter) (Depths:4)
  A golden eye (Slime:1)
  A warg (Depths:4)
  An acid dragon (D:13)
  An orc warrior (Orc:2)
  A bullfrog (Lair:1)
  A killer bee (D:10)
  A wight (D:8)
  An orc priest (Orc:2)
  6 orcs
  4 briar patches (Swamp:3)
  A crawling corpse (Vaults:5)
  4 fungi
  23 plants
  99 spectral weapons
  3 starspawn tentacles (Abyss:2)
165 creatures vanquished.

Grand Total: 2345 creatures vanquished

Notes
Turn   | Place    | Note
-------+----------+-------------------------------------------
     0 | D:1      | kafkaforpresident the Merfolk Skald began the quest for the
                  | Orb.
     0 | D:1      | Reached XP level 1. HP: 16/16 MP: 3/3
   276 | D:1      | Reached XP level 2. HP: 22/22 MP: 5/5
   885 | D:2      | Reached skill level 1 in Throwing
   885 | D:2      | Reached XP level 3. HP: 16/27 MP: 6/6
  1097 | D:2      | Found a runed translucent door.
  1098 | D:2      | Noticed Crazy Yiuf
  1201 | D:2      | Reached XP level 4. HP: 33/33 MP: 7/7
  2090 | D:2      | Killed Crazy Yiuf
  2090 | D:2      | Reached skill level 5 in Polearms
  2090 | D:2      | Reached XP level 5. HP: 19/38 MP: 8/8
  2318 | D:3      | Noticed Robin
  2346 | D:3      | Killed Robin
  2894 | D:3      | Noticed Ijyb
  2902 | D:3      | Killed Ijyb
  3239 | D:3      | Reached XP level 6. HP: 35/44 MP: 9/9
  3251 | D:3      | Learned a level 2 spell: Song of Slaying
  3254 | D:3      | Learned a level 2 spell: Shroud of Golubria
  4003 | D:4      | Reached skill level 5 in Dodging
  4318 | D:4      | Noticed Natasha
  4332 | D:4      | Killed Natasha
  4411 | D:4      | Noticed Natasha
  4420 | D:4      | Killed Natasha
  4420 | D:4      | Reached XP level 7. HP: 50/50 MP: 10/10
  4483 | D:4      | Noticed Natasha
  4491 | D:4      | Killed Natasha
  4860 | D:4      | Got a translucent mace
  4901 | D:4      | Noticed Dowan
  4904 | D:4      | Noticed Duvessa
  4918 | D:4      | Killed Duvessa
  4918 | D:4      | Reached skill level 5 in Charms
  4919 | D:4      | Noticed Dowan
  4919 | D:4      | Dowan changed into Dowan the swamp drake
  4921 | D:4      | Killed Dowan the swamp drake
  5243 | D:4      | Learned a level 3 spell: Spectral Weapon
  5244 | D:5      | Entered Level 5 of the Dungeon
  5450 | D:5      | Reached XP level 8. HP: 50/56 MP: 12/12
  5474 | D:5      | Found a staircase to the Ecumenical Temple.
  5499 | D:5      | Reached skill level 1 in Hexes
  5505 | Temple   | Entered the Ecumenical Temple
  5553 | Temple   | Became a worshipper of Ru the Awakened
  5939 | D:6      | Reached skill level 1 in Shields
  6064 | D:6      | Reached skill level 2 in Shields
  6141 | D:6      | Noticed Sigmund
  6203 | D:6      | Killed Sigmund
  6203 | D:6      | Reached skill level 4 in Shields
  6492 | D:6      | Reached skill level 5 in Fighting
  6564 | D:6      | Learned a level 3 spell: Ozocubu's Armour
  6641 | D:6      | Reached XP level 9. HP: 68/68 MP: 13/13
  7103 | D:6      | Gained mutation: You are hated by all. [Ru sacrifice]
  7103 | D:6      | Reached * piety under Ru
  7511 | D:7      | Reached skill level 10 in Polearms
  7519 | D:7      | Noticed Prince Ribbit
  7526 | D:7      | Killed Prince Ribbit
  8063 | D:8      | Noticed a centaur warrior
  8366 | D:8      | Killed a centaur warrior
  8366 | D:8      | Reached XP level 10. HP: 55/76 MP: 14/14
  8452 | D:8      | Reached skill level 5 in Evocations
  9394 | D:9      | Got a transparent ring mail
  9405 | D:9      | Identified the +5 ring mail "Velito" {+Inv rPois rC- rN+}
                  | (You found it on level 9 of the Dungeon)
  9467 | D:9      | Gained mutation: You cannot drink potions while threatened.
                  | [Ru sacrifice]
  9467 | D:9      | Reached ** piety under Ru
 10045 | D:9      | Noticed Harold
 10068 | D:9      | Killed Harold
 10091 | D:9      | Reached XP level 11. HP: 59/81 MP: 6/17
 10336 | D:9      | Noticed Joseph
 10351 | D:9      | Killed Joseph
 10654 | D:9      | Found an ornate altar of the Wu Jian Council.
 10973 | D:10     | Entered Level 10 of the Dungeon
 10997 | D:10     | Noticed Snorg
 11023 | D:10     | Killed Snorg
 11268 | D:10     | Noticed a seven-headed hydra
 11274 | D:10     | Noticed a queen ant
 11274 | D:10     | a seven-headed hydra changed into a queen ant
 11312 | D:10     | Killed a queen ant
 11423 | D:10     | Found Peuweoma's Book Shop.
 11432 | D:10     | Noticed a purple ugly thing
 11450 | D:10     | Killed a purple ugly thing
 11476 | D:10     | Noticed an unseen horror
 11486 | D:10     | Killed an unseen horror
 11669 | D:10     | Gained mutation: You are sensitive to extremes of
                  | temperature. (rF-, rC-) [Ru sacrifice]
 11669 | D:10     | Reached *** piety under Ru
 11669 | D:10     | Reached **** piety under Ru
 11669 | D:10     | Reached ***** piety under Ru
 12034 | D:11     | Reached skill level 1 in Ice Magic
 12145 | D:11     | Found a staircase to the Orcish Mines.
 12219 | D:11     | Noticed a purple ugly thing
 12241 | D:11     | Killed a purple ugly thing
 12784 | D:11     | Reached XP level 12. HP: 92/92 MP: 18/18
 13180 | D:11     | Found a staircase to the Lair.
 13328 | D:12     | Noticed Kirke
 13395 | D:12     | Killed Kirke
 13524 | D:12     | Gained mutation: You cannot train Armour skill. [Ru
                  | sacrifice]
 13558 | D:12     | Found an iron altar of Okawaru.
 13835 | D:12     | Reached skill level 10 in Dodging
 13936 | D:12     | Noticed a two-headed ogre
 13943 | D:12     | Killed a two-headed ogre
 14235 | D:12     | Reached skill level 5 in Shields
 14664 | D:13     | Reached skill level 6 in Shields
 15021 | D:13     | Noticed a four-headed hydra
 15023 | D:13     | Noticed a great orb of eyes
 15023 | D:13     | a four-headed hydra changed into a great orb of eyes
 15028 | D:13     | Reached skill level 7 in Shields
 15033 | D:13     | Killed a great orb of eyes
 15051 | D:13     | Identified the ring "Duleuw" {MP+9 Str+5}
 15072 | D:13     | Reached skill level 8 in Shields
 15231 | D:13     | Found Orchung's Jewellery Shoppe.
 15290 | D:13     | Noticed Jorgrun
 15300 | D:13     | Killed Jorgrun
 15300 | D:13     | Reached skill level 15 in Polearms
 15300 | D:13     | Reached XP level 13. HP: 57/99 MP: 19/19
 15417 | D:13     | Found a white marble altar of Elyvilon.
 15841 | Orc:1    | Entered Level 1 of the Orcish Mines
 16181 | Orc:1    | Gained mutation: You occasionally shout uncontrollably at
                  | your foes. [Ru sacrifice]
 16181 | Orc:1    | Reached ****** piety under Ru
 16944 | Orc:2    | Entered Level 2 of the Orcish Mines
 16951 | Orc:2    | Noticed an orc warlord
 16974 | Orc:2    | Killed an orc warlord
 16974 | Orc:2    | Reached skill level 10 in Charms
 17021 | Orc:2    | Noticed Maurice
 17037 | Orc:2    | Killed Maurice
 17144 | Orc:2    | Found a staircase to the Elven Halls.
 17282 | Orc:2    | Found Tibik's General Store.
 17315 | Orc:2    | Found Ryecig's Food Boutique.
 17360 | Orc:2    | Bought a scroll of teleportation for 39 gold pieces
 17360 | Orc:2    | Bought a scroll of identify for 26 gold pieces
 17507 | Orc:2    | Reached skill level 9 in Shields
 17742 | Orc:2    | Reached skill level 10 in Shields
 17760 | Orc:2    | Paralysed by an orc sorcerer for 7 turns
 17777 | Orc:2    | Reached XP level 14. HP: 19/106 MP: 20/20
 17921 | Orc:2    | Noticed Nessos
 17928 | Orc:2    | Killed Nessos
 17995 | Orc:2    | Reached skill level 11 in Shields
 18188 | Orc:2    | Found Olyphig's Book Emporium.
 18188 | Orc:2    | Found a one-way gate leading to the halls of Pandemonium.
 18188 | Orc:2    | Found Finelama's Antique Armour Shoppe.
 18192 | Orc:2    | Bought a faintly glowing leather armour for 147 gold pieces
 18192 | Orc:2    | Bought a translucent buckler for 199 gold pieces
 18202 | Orc:2    | Identified the cursed +0 buckler of the Shining One's Whim
                  | {rC+ MR+} (You bought it in a shop on level 2 of the Orcish
                  | Mines)
 18212 | Orc:2    | Identified the +3 leather armour of Suywn {rElec rPois
                  | SInv} (You bought it in a shop on level 2 of the Orcish
                  | Mines)
 18333 | Orc:2    | Noticed Urug
 18421 | Orc:2    | Killed Urug
 18831 | Lair:1   | Entered Level 1 of the Lair of Beasts
 19312 | Lair:1   | Noticed brob1's ghost (journeyman DrTm)
 19315 | Lair:1   | Found a runed translucent door.
 19383 | Lair:1   | Killed brob1's ghost
 20000 | Lair:1   | Got a pair of smoking boots
 20011 | Lair:1   | Identified the +0 pair of boots "Kioniery" {Dex+3} (You
                  | found it on level 1 of the Lair of Beasts)
 20355 | Lair:2   | Reached skill level 10 in Fighting
 20662 | Lair:2   | Got a pair of heavily runed boots
 20673 | Lair:2   | Identified the +2 pair of boots of Lies {Str+5} (You found
                  | it on level 2 of the Lair of Beasts)
 21101 | Lair:3   | Reached skill level 12 in Shields
 21248 | Lair:3   | Found a staircase to the Snake Pit.
 22091 | Lair:4   | Reached skill level 13 in Shields
 22185 | Lair:4   | Found a staircase to the Swamp.
 22264 | Lair:4   | Noticed an entropy weaver
 22273 | Lair:4   | Killed an entropy weaver
 22286 | Lair:4   | Noticed an entropy weaver
 22302 | Lair:4   | Killed an entropy weaver
 22313 | Lair:4   | Reached XP level 15. HP: 109/115 MP: 21/21
 22350 | Lair:4   | Found a dark tunnel.
 22363 | Volcano  | Entered a volcano
 22387 | Volcano  | Found a radiant altar of Vehumet.
 22394 | Volcano  | Reached skill level 14 in Shields
 22689 | Lair:4   | You fall into a shaft and drop 2 floors!
 22689 | Lair:6   | Entered Level 6 of the Lair of Beasts
 22750 | Lair:6   | Found a runed translucent gate.
 22750 | Lair:6   | Found a runed translucent gate.
 22750 | Lair:6   | Found a runed translucent gate.
 22751 | Lair:6   | Noticed Alannah's ghost (journeyman DsGl)
 22796 | Lair:6   | Killed Alannah's ghost
 22944 | Lair:6   | Reached skill level 15 in Shields
 23236 | Lair:6   | Noticed Sonja
 23273 | Lair:6   | Killed Sonja
 24063 | Lair:6   | Found a runed translucent door.
 24323 | Lair:6   | Reached skill level 5 in Hexes
 24587 | Lair:5   | Found a staircase to the Slime Pits.
 26248 | D:14     | Reached XP level 16. HP: 125/125 MP: 22/22
 26561 | D:14     | Found a gate to the Vaults.
 27398 | D:15     | Entered Level 15 of the Dungeon
 27589 | D:15     | Reached skill level 10 in Hexes
 27614 | D:15     | Found a staircase to the Depths.
 28945 | D:10     | Bought a book of Hexes for 650 gold pieces
 28951 | D:10     | Learned a level 5 spell: Silence
 29085 | Snake:1  | Entered Level 1 of the Snake Pit
 29106 | Snake:1  | Reached skill level 1 in Air Magic
 29237 | Snake:1  | Found a white marble altar of Elyvilon.
 29407 | Snake:1  | Noticed Aizul
 29424 | Snake:1  | Killed Aizul
 29685 | Snake:1  | Noticed Azrael
 29702 | Snake:1  | Killed Azrael
 30305 | Snake:2  | Found a white marble altar of Elyvilon.
 30376 | Snake:2  | Reached skill level 5 in Air Magic
 31224 | Snake:3  | Noticed Bai Suzhen
 31251 | Snake:3  | Killed Bai Suzhen
 31251 | Snake:3  | Reached XP level 17. HP: 33/131 MP: 19/23
 31892 | Snake:3  | Reached skill level 5 in Spellcasting
 32421 | Snake:3  | Got a smoking chain mail
 32432 | Snake:3  | Identified the +3 chain mail of Eternal Vigilance {rF+ rN+
                  | MR+ SInv} (You found it on level 3 of the Snake Pit)
 33367 | Snake:4  | Entered Level 4 of the Snake Pit
 33485 | Snake:4  | Noticed Mara
 33486 | Snake:4  | Noticed Nikola
 33998 | Snake:4  | Killed Mara
 34165 | Snake:4  | Reached skill level 15 in Dodging
 34491 | Snake:4  | Killed Nikola
 34745 | Snake:4  | Reached XP level 18. HP: 129/138 MP: 25/25
 35209 | Snake:4  | Noticed Donald
 35215 | Snake:4  | Killed Donald
 35225 | Snake:4  | Got a serpentine rune of Zot
 35719 | Swamp:1  | Entered Level 1 of the Swamp
 37073 | Swamp:2  | Identified a scroll of acquirement
 38035 | Swamp:3  | Reached XP level 19. HP: 144/144 MP: 23/26
 38465 | Swamp:4  | Entered Level 4 of the Swamp
 39884 | Swamp:4  | Got a decaying rune of Zot
 40296 | Elf:1    | Entered Level 1 of the Elven Halls
 40625 | Elf:1    | Identified the Volume of the Shifting Traveller
 41043 | Elf:1    | Noticed an Ice Fiend
 41060 | Elf:1    | Found a runed translucent gate.
 41060 | Elf:1    | Found a runed translucent gate.
 41060 | Elf:1    | Found a runed translucent gate.
 41060 | Elf:1    | Found a runed translucent gate.
 41060 | Elf:1    | Found a runed translucent gate.
 41063 | Elf:1    | Found a runed translucent gate.
 42101 | Elf:2    | Reached XP level 20. HP: 152/161 MP: 25/27
 42161 | Elf:2    | Reached skill level 1 in Translocations
 42648 | Elf:2    | Found a runed translucent gate.
 42649 | Elf:2    | Found a runed translucent gate.
 42649 | Elf:2    | Found a runed translucent gate.
 43083 | Elf:2    | Reached skill level 5 in Translocations
 43517 | Elf:3    | Entered Level 3 of the Elven Halls
 43523 | Elf:3    | Found Xeluc's Antique Weapon Shop.
 43538 | Elf:3    | Found Omoarch's Antique Weapon Boutique.
 43645 | Elf:3    | Found Pysoplim's Antique Armour Emporium.
 43653 | Elf:3    | Bought a bronze ring mail for 198 gold pieces
 43663 | Elf:3    | Identified the +4 ring mail "Ypesoapt" {Str+4} (You bought
                  | it in a shop on level 3 of the Elven Halls)
 44376 | Elf:3    | Identified the ring of Neekhlao {Fire Int+3}
 44377 | Elf:3    | Cast into level 2 of the Abyss (a deep elf demonologist)
 44561 | Abyss:2  | Got the +0 helmet of the Griffon {Str+3 Dex+5}
 44610 | Elf:3    | Escaped the Abyss
 44695 | Elf:3    | Identified the +7 spear "Haupioq" {distort, +Blink}
 45261 | Elf:3    | Reached skill level 16 in Shields
 45346 | Elf:3    | Identified the Guide on Air
 45617 | Elf:3    | Reached XP level 21. HP: 130/167 MP: 24/28
 45747 | Elf:3    | Found Vajeoqiu's Jewellery Shop.
 45754 | Elf:3    | Bought the ring "Weafi" {Str+3 Dex+6} for 1292 gold pieces
 46170 | Elf:3    | Found Xuogiff's Distillery.
 46178 | Elf:3    | Bought 2 potions of heal wounds for 110 gold pieces
 46497 | Depths:1 | Entered Level 1 of the Depths
 46755 | Depths:1 | Found a hazy altar of Hepliaklqana.
 46893 | Depths:1 | Found a gateway to Hell.
 47513 | Depths:2 | Reached skill level 17 in Shields
 48194 | Depths:2 | Reached skill level 10 in Evocations
 49080 | Depths:2 | Paralysed by a sphinx for 5 turns
 49299 | Depths:3 | You fall into a shaft and drop 2 floors!
 49299 | Depths:5 | Entered Level 5 of the Depths
 49299 | Depths:5 | Found Valecavi's Antique Weapon Shoppe.
 49385 | Depths:5 | Found a one-way gate to the infinite horrors of the Abyss.
 49574 | Depths:5 | Reached skill level 15 in Fighting
 49654 | Depths:5 | Found a flickering gateway to a bazaar.
 49654 | Depths:5 | Noticed a juggernaut
 49662 | Depths:5 | Killed a juggernaut
 49667 | Depths:5 | Reached XP level 22. HP: 122/176 MP: 28/31
 49683 | Bazaar   | Entered a bazaar
 49697 | Bazaar   | Found Jeddinom's Book Emporium.
 49697 | Bazaar   | Found Ifufofi's Assorted Antiques.
 49701 | Bazaar   | Bought a potion of berserk rage for 180 gold pieces
 49724 | Bazaar   | Found Tuni's Distillery.
 49728 | Bazaar   | Bought a potion of heal wounds for 60 gold pieces
 49728 | Bazaar   | Bought a potion of haste for 120 gold pieces
 49728 | Bazaar   | Bought a potion of lignification for 36 gold pieces
 49728 | Bazaar   | Bought a potion of resistance for 120 gold pieces
 49728 | Bazaar   | Bought a potion of haste for 120 gold pieces
 49728 | Bazaar   | Bought a potion of haste for 120 gold pieces
 49728 | Bazaar   | Bought a potion of curing for 36 gold pieces
 49728 | Bazaar   | Bought a potion of mutation for 96 gold pieces
 49728 | Bazaar   | Bought a potion of berserk rage for 60 gold pieces
 49728 | Bazaar   | Bought a potion of might for 48 gold pieces
 49748 | Bazaar   | Bought a wand of acid (11) for 288 gold pieces
 49771 | Bazaar   | Found Hatteiduin's Distillery.
 49778 | Bazaar   | Bought a potion of lignification for 42 gold pieces
 49778 | Bazaar   | Bought 2 potions of curing for 84 gold pieces
 49778 | Bazaar   | Bought a potion of haste for 140 gold pieces
 49789 | Bazaar   | Found Boesuklaff's Gadget Emporium.
 49789 | Bazaar   | Found Beruizxis's Assorted Antiques.
 49794 | Bazaar   | Bought a potion of heal wounds for 190 gold pieces
 49794 | Bazaar   | Bought a wand of iceblast (8) for 152 gold pieces
 49800 | Bazaar   | Bought a wand of iceblast (12) for 160 gold pieces
 49800 | Bazaar   | Bought a wand of iceblast (8) for 120 gold pieces
 49914 | Depths:5 | Found a portal to a secret trove of treasure.
 49926 | Depths:5 | Found a glowing golden altar of the Shining One.
 50274 | Depths:5 | Noticed a golden dragon
 50292 | Depths:5 | Killed a golden dragon
 50328 | Depths:5 | Found a gate to the Realm of Zot.
 51184 | Depths:4 | Noticed Saint Roka
 51204 | Depths:4 | Killed Saint Roka
 51315 | Depths:4 | Found a runed translucent door.
 51767 | Depths:4 | Found a flickering gateway to a bazaar.
 51776 | Bazaar   | Entered a bazaar
 51776 | Bazaar   | Found Lupam's Gadget Emporium.
 51776 | Bazaar   | Found Uptaabb's Antique Weapon Emporium.
 51777 | Bazaar   | Found Uxtib's Magic Scroll Shoppe.
 51777 | Bazaar   | Found Noocrie's Assorted Antiques.
 51798 | Bazaar   | Bought a scroll of enchant armour for 90 gold pieces
 51798 | Bazaar   | Bought a scroll of magic mapping for 42 gold pieces
 51802 | Bazaar   | Bought a potion of lignification for 90 gold pieces
 53038 | Depths:4 | Found a runed translucent door.
 53053 | Depths:4 | Reached skill level 18 in Shields
 53512 | Depths:4 | Identified the cursed ring "Zigis" {rN+ Str-4}
 53604 | Depths:4 | Identified the ring of Ziholy {Ice rElec MR+ Str+3}
 53843 | Depths:4 | Got a steaming wooden ring
 53845 | Depths:4 | Identified the ring of Sif Muna's Reproof {MR- MP+9 Str+5
                  | Slay+4} (You found it on level 4 of the Depths)
 53884 | Depths:4 | Got a slimy wooden ring
 54109 | Depths:4 | Noticed Louise
 54115 | Depths:4 | Killed Louise
 54475 | Depths:3 | Identified the ring "Qiul" {*Drain rC+ Str+4 Stlth-} (You
                  | found it on level 4 of the Depths)
 54624 | Depths:3 | Reached XP level 23. HP: 181/188 MP: 25/32
 54628 | Depths:3 | Reached skill level 19 in Shields
 55164 | Depths:3 | Identified the Papyrus of Aid and Toxins
 55169 | Depths:3 | Reached skill level 5 in Stealth
 55169 | Depths:3 | Reached XP level 24. HP: 194/195 MP: 32/32
 55172 | Depths:3 | Got a slimy scale mail
 55173 | Depths:3 | Identified the +2 scale mail of Weak Awe {Int+6 Dex+4} (You
                  | found it on level 3 of the Depths)
 55680 | Depths:3 | Reached XP level 25. HP: 202/202 MP: 32/32
 55817 | Depths:3 | Reached skill level 20 in Shields
 56091 | Depths:3 | Found the +3 robe of Folly {Archmagi, MR-- Int+5}
 56212 | Depths:3 | Found a gateway to a ziggurat.
 56639 | Depths:2 | Upgraded the game from 0.25-b1-37-g2669288c55 to
                  | 0.25-b1-38-g32f9adbbe0
 56985 | Slime:1  | Entered Level 1 of the Pits of Slime
 59019 | Slime:2  | Reached skill level 21 in Shields
 60785 | Slime:5  | Entered Level 5 of the Pits of Slime
 60902 | Slime:5  | Noticed the Royal Jelly
 60924 | Slime:5  | Killed the Royal Jelly
 60924 | Slime:5  | Reached skill level 22 in Shields
 60924 | Slime:5  | Reached XP level 26. HP: 97/209 MP: 15/32
 61906 | Slime:5  | Got a slimy rune of Zot
 61987 | Slime:5  | Identified the Handbook of Evil Calling
 63032 | Depths:5 | You showed the slimy rune of Zot to enter a treasure trove
 63033 | Trove    | Entered a treasure trove
 63066 | Trove    | Got a transparent graven amulet
 63177 | Depths:5 | Identified the amulet "Liesyo Ritz" {RegenMP Fragile rPois
                  | rC+++ SInv} (You found it in a treasure trove)
 63200 | Depths:5 | Learned a level 6 spell: Statue Form
 63348 | Vaults:1 | Entered Level 1 of the Vaults
 64304 | Vaults:1 | Reached skill level 23 in Shields
 64614 | Vaults:1 | Found a shimmering blue altar of Sif Muna.
 65081 | Vaults:2 | Noticed Sojobo
 65097 | Vaults:2 | Killed Sojobo
 65779 | Vaults:2 | Reached skill level 24 in Shields
 66968 | Vaults:3 | Reached XP level 27. HP: 209/215 MP: 31/32
 67157 | Vaults:3 | Found Paawis's Distillery.
 67163 | Vaults:3 | Bought a potion of berserk rage for 105 gold pieces
 67163 | Vaults:3 | Bought a potion of lignification for 63 gold pieces
 67400 | Vaults:3 | Found a staircase to the Crypt.
 67419 | Vaults:3 | Reached skill level 25 in Shields
 67420 | Vaults:3 | Reached skill level 1 in Transmutations
 67801 | Vaults:4 | Reached skill level 5 in Transmutations
 67885 | Vaults:4 | Got the +5 tower shield of Moaqynop {rN+ MR+ Int-4 Dex+3}
 67920 | Vaults:4 | Noticed Frederick
 67934 | Vaults:4 | Killed Frederick
 68847 | Vaults:4 | Noticed Boris
 68861 | Vaults:4 | Killed Boris
 69328 | Vaults:5 | Entered Level 5 of the Vaults
 69814 | Vaults:5 | Reached skill level 1 in Earth Magic
 69828 | Vaults:5 | Reached skill level 10 in Transmutations
 69869 | Vaults:5 | HP: 7/215 [tengu reaver/bolt of poison (15)]
 69869 | Vaults:5 | Killed from afar by a battlesphere

Illustrated notes

Levels and vault maps discovered:
D:1:      dpeg_arrival_boxorama, layout_loops_ring
D:2:      layout_basic, uniq_crazy_yiuf_cottage
D:3:      layout_loops_ring, uniq_ijyb, uniq_robin
D:4:      layout_basic, uniq_natasha, uniq_duvessa
D:5:      layout_cave_pools, minmay_temple_entry_large_hall, first_ration,
          minmay_between
D:6:      minmay_skewed_foursquare, layout_basic,
          hangedman_decor_clover_reticule, uniq_sigmund
D:7:      layout_gridville, uniq_prince_ribbit1
D:8:      layout_rooms, the_bakery, kennysheep_island_fort
D:9:      layout_basic, lemuel_coloured_pillars_altar, kennysheep_path_1,
          minmay_holes, uniq_harold, uniq_joseph
D:10:     layout_irregular_city, serial_shops, shop_fountains,
          corexii_hall_statues_i, uniq_snorg
D:11:     layout_loops_ring, lair_entry_dummy, orc_0_dummy
D:12:     layout_stronghold, chequers_mini_garden, okawaru_humans, uniq_kirke
D:13:     layout_basic, serial_shops, nicolae_shop_crystal, elyvilon_altar_4,
          uniq_jorgrun
D:14:     layout_loops_corners, david_vaults_1, hangedman_cracks_in_the_wall
D:15:     grunt_enter_depths_snipers, layout_gridville, serial_park_tiny_2
Temple:   nicolae_temple_the_god_donut
Lair:1:   layout_small_grid, hellmonk_ghost_happy_afterlife
Lair:2:   beast_lair_carwin_large_2, layout_regular_city, guppyfry_lair_drakes,
          serial_bayou_shore_a, grunt_megastairs_4
Lair:3:   layout_regular_city, dummy_snake_entry, chequers_serial_rivers_micro_d
Lair:4:   layout_gridlike, minmay_swamp_entry_swarm, enter_volcano_4,
          minivault_29
Lair:5:   layout_cave_pods, minmay_slime_entry_jelly_boxes, st_stairs_9,
          fungi_pond_lemuel, nicolae_lair_grove_arrangements
Lair:6:   wormcave, layout_regular_city, guppyfry_lair_end_dragon,
          gammafunk_ghost_hydra_chop, grunt_megastairs_2,
          infiniplex_staircase_pool, uniq_sonja
Swamp:1:  layout_basic_swamp, nicolae_swamp_feature_on_the_river_bank
Swamp:2:  layout_basic_swamp, nicolae_swamp_round_clearing, swamp_pool4
Swamp:3:  layout_basic_swamp, evilmike_swamp_ruin_house_4, swamp_pool1
Swamp:4:  swamp_basic_johnstein, layout_basic_swamp, swamp_pool5
Snake:1:  layout_grid_maze, basic_altar, uniq_aizul, uniq_azrael
Snake:2:  layout_cave_town, basic_altar, abandoned_shop,
          hangedman_snake_pattern, serial_bayou_pond_b, serial_bayou_shore_b
Snake:3:  layout_onion_interference, uniq_bai_suzhen
Snake:4:  snake_pit, layout_cave_town, nrook_guardian_serpent_double,
          uniq_nikola, uniq_donald, uniq_mara
Slime:1:  layout_caves
Slime:2:  layout_caves, nicolae_slime_phagocytosis
Slime:3:  layout_caves
Slime:4:  cheibrodos_slime_lost_civilization_1, layout_caves
Slime:5
Orc:1:    layout_caves, nicolae_orc_lava_room
Orc:2:    pf_orc_diabolical, layout_caves, uniq_urug, uniq_nessos, uniq_maurice
Elf:1:    elf_arrival_002, layout_geoelf_diagonals, orc_legates, minivault_14,
          solitary_fountain, solitary_fountain, grunt_ministairs_9
Elf:2:    layout_onion_city
Elf:3:    minmay_elf_hall_not_hex, layout_onion_city, serial_shops, shop,
          nicolae_shop_overgrown_old_shop, shop, shop, nicolae_shop_trees,
          drop_trap
Vaults:1: nicolae_vaults_little_squares_6, nicolae_vaults_theta,
          nicolae_vaults_little_ls, st_lattice,
          vaults_standard_mumra_enter_the_diamond,
          vaults_room_grunt_arrival_ludios, nicolae_vaults_shelves_hall,
          vaults_mumra_hex, layout_vaults_omnigrid, basic_altar
Vaults:2: v_alt_pattern_5, hangedman_vaults_corner_blocks,
          ontoclasm_vaults_fault, vaults_room_corners, hangedman_vaults_snaps,
          vaults_room_corners, nicolae_vaults_little_squares_6,
          nicolae_vaults_sealed_display, v_alt_pattern_1,
          nicolae_vaults_diagonal_hallway_8, serial_ice_m, st_more_cells,
          hangedman_vaults_stitches, v_misc_8, grunt_vaults_hallway_long,
          vaults_dpeg_cross, layout_vaults_maze_bifur, uniq_sojobo
Vaults:3: vaults_room_door_hall, grunt_vaults_diagonal, vaults_dpeg_ring,
          nicolae_vaults_little_squares_3, minmay_crypt_entry_simple_sparse,
          ontoclasm_vaults_decontamination, hangedman_vaults_impose,
          ontoclasm_vaults_eye, nicolae_vaults_network_square,
          nicolae_vaults_what_the_h, vaults_dpeg_encased_lava,
          vaults_room_pools, v_misc_2, nicolae_vaults_little_squares_5,
          layout_vaults_ring, serial_shops, shop
Vaults:4: nicolae_vaults_inception_statues, nicolae_vaults_mini_display_case,
          nicolae_vaults_alarming, vaults_room_semicircle,
          ontoclasm_vaults_hangar, ontoclasm_vaults_spin,
          nicolae_vaults_yaktaur_gun_rack, vaults_room_corners, v_alt_pattern_2,
          layout_vaults_omnibox, uniq_frederick, uniq_boris
Vaults:5: serial_shops
Depths:1: layout_big_octagon, hellmouth_1, minmay_misc_feat_square,
          kennysheep_flooded_box, kennysheep_potato
Depths:2: kennysheep_room_grid, layout_gridlike, kennysheep_decorative_pillar,
          grunt_hell_entry_dis_mu, minmay_misc_feat_tower, st_stairs_12,
          firewood_loft
Depths:3: lemuel_river_lethe, hell_entry, pan_entry
Depths:4: minmay_the_grid_triangle_9x9_recursive_3
          [minmay_the_grid_triangle_9x9_longest,
          minmay_the_grid_triangle_9x9_corrupted_corridor,
          minmay_the_grid_triangle_9x9_steps,
          minmay_the_grid_triangle_9x9_prize_special,
          minmay_the_grid_triangle_9x9_zippers_horizontal,
          minmay_the_grid_triangle_9x9_impossible_snake,
          minmay_the_grid_triangle_9x9_pentomino_pain,
          minmay_the_grid_triangle_9x9_tough_junction,
          minmay_the_grid_triangle_9x9_cache], layout_gridlike,
          nicolae_abyss_entry_one_way_or_another, hell_entry, serial_shops,
          bzr_firewalk, hangedman_abyss_or_decor_stagger,
          lightli_fourway_metalbox, uniq_saint_roka
Depths:5: grunt_zot_entry_tricorne, layout_long_grid,
          nicolae_trove_entry_crossroad, hell_entry, abyss_entry,
          tso_metal_star, serial_shops, bzr_entry_customers, shop,
          kennysheep_four_rooms

Skill      XL: |  1  2  3  4  5  6  7  8  9 10 11 12 13 14 15 16 17 18 19 20 21 22 23 24 25 26 27 |
---------------+----------------------------------------------------------------------------------+-----
Polearms       | 4 5 6 7 10 12 15 16 19 | 19.0
Throwing       | 1 2 3 |  3.2
Dodging        | 3 6 7 9 10 11 15 18 20 21 23 | 23.8
Charms         | 5 6 9 10 | 10.7
Spellcasting   | 3 5 |  5.2
Hexes          | 1 2 7 12 | 12.1
Fighting       | 5 6 7 8 10 11 14 15 17 | 17.4
Shields        | 4 8 10 13 15 16 17 18 19 22 24 25 | 25.0
Evocations     | 4 9 13 | 13.0
Ice Magic      | 1 |  1.0
Armour         | 0 |  0.0
Air Magic      | 5 |  5.7
Translocations | 5 |  5.3
Stealth        | 5 7 |  7.1
Transmutations | 11 | 11.3
Earth Magic    | 4 |  4.3

Action                   |  1- 3 |  4- 6 |  7- 9 | 10-12 | 13-15 | 16-18 | 19-21 | 22-24 | 25-27 || total
-------------------------+-------+-------+-------+-------+-------+-------+-------+-------+-------++-------
Melee: Spear             |    86 |    44 |   242 |   784 |       |       |       |       |       ||  1156
       Quarterstaff      |       |   132 |    45 |       |       |       |       |       |       ||   177
       Tailslap          |       |       |       |     1 |     5 |    18 |    10 |     9 |     1 ||    44
       Glaive            |       |       |       |   288 |   277 |       |       |       |       ||   565
       Demon trident     |       |       |       |       |   898 |  1220 |  1112 |   554 |  1619 ||  5403
Throw: Dart              |     4 |    24 |    17 |    10 |     3 |       |       |       |       ||    58
       Javelin           |       |       |       |       |     4 |     4 |     2 |       |       ||    10
 Cast: Spectral Weapon   |       |       |    10 |    49 |    74 |    62 |    68 |    35 |    90 ||   388
       Shroud of Golubri |       |       |     5 |     4 |    10 |     2 |     9 |     3 |     6 ||    39
       Infusion          |       |       |     5 |     1 |     2 |       |       |       |       ||     8
       Song of Slaying   |       |       |       |     1 |     8 |    15 |     6 |     3 |     4 ||    37
       Ozocubu's Armour  |       |       |       |       |     1 |       |       |       |       ||     1
       Silence           |       |       |       |       |       |     2 |     4 |       |     3 ||     9
Invok: Sacrifice Love    |       |       |     1 |       |       |       |       |       |       ||     1
       Sacrifice Drink   |       |       |       |     1 |       |       |       |       |       ||     1
       Sacrifice Resista |       |       |       |     1 |       |       |       |       |       ||     1
       Draw Out Power    |       |       |       |     2 |     3 |     1 |       |       |     1 ||     7
       Sacrifice Durabil |       |       |       |     1 |       |       |       |       |       ||     1
       Apocalypse        |       |       |       |       |     2 |     1 |       |       |     3 ||     6
       Sacrifice Purity  |       |       |       |       |     1 |       |       |       |       ||     1
       Power Leap        |       |       |       |       |       |       |       |       |     1 ||     1
 Abil: Evoke Invisibilit |       |       |       |     1 |     2 |       |       |       |       ||     3
Evoke: Wand              |       |       |     3 |    20 |    14 |     3 |    11 |     3 |     7 ||    61
       Tin of tremorston |       |       |       |       |       |       |       |       |     2 ||     2
  Use: Scroll            |       |       |     8 |     2 |    17 |    14 |     6 |     1 |     5 ||    53
       Potion            |       |       |       |       |       |       |     1 |     2 |     4 ||     7
 Stab: Sleeping          |     1 |     1 |     1 |     1 |       |       |       |     2 |     6 ||    12
       Paralysed         |       |       |     1 |     4 |    22 |     3 |     2 |     5 |     9 ||    46
       Distracted        |       |       |     3 |     9 |    13 |    10 |    25 |    12 |    42 ||   114
       Invisible         |       |       |       |     6 |    23 |     6 |     6 |    13 |     4 ||    58
       Confused          |       |       |       |     4 |       |       |     3 |       |       ||     7
       Petrifying        |       |       |       |       |     2 |       |       |       |       ||     2
  Eat: Chunk             |       |    11 |    14 |    26 |    43 |    24 |    36 |    15 |    26 ||   195
       Ration            |       |       |       |     1 |     1 |     6 |     2 |     2 |     7 ||    19
Armor: Leather armour    |     9 |    34 |    13 |    30 |     1 |       |       |       |       ||    87
       Robe              |       |       |    11 |       |       |       |       |       |       ||    11
       Ring mail         |       |       |       |    86 |   107 |    53 |    44 |    18 |    56 ||   364
Dodge: Dodged            |    54 |   104 |    95 |   479 |   437 |   261 |   314 |   133 |   351 ||  2228
       Repelled          |       |       |       |       |     2 |    25 |    16 |    10 |    29 ||    82
Block: Buckler           |       |       |    28 |    81 |       |       |       |       |       ||   109
       Kite shield       |       |       |       |       |   281 |   457 |   417 |   195 |   174 ||  1524
       Reflection        |       |       |       |       |     2 |    70 |    48 |    38 |    14 ||   172
       Tower shield      |       |       |       |       |       |       |       |       |   680 ||   680
